 Dungeon Crawl Stone Soup version 0.21-a0-536-gdbbf329e9e (webtiles) character file.

31525 Cecky the Carver (level 13, -1/159 HPs)
             Began as a Demonspawn Gladiator on Dec 14, 2017.
             Was an Elder of Wu Jian.
             Succumbed to a black mamba's poison
             ... on level 4 of the Lair of Beasts.
             The game lasted 01:08:47 (24577 turns).

Cecky the Carver (Demonspawn Gladiator)            Turns: 24577, Time: 01:08:47

Health: -1/159     AC: 17    Str: 25    XL:     13   Next: 26%
Magic:  0/22       EV: 13    Int: 13    God:    Wu Jian [****..]
Gold:   907        SH:  0    Dex: 16    Spells: 12/12 levels left

rFire    + . .     SeeInvis +   W - +0 great sword
rCold    . . .     Gourm    .   (shield currently unavailable)
rNeg     . . .     Faith    .   T - +6 scale mail of Grace {rElec Int+2}
rPois    .         Spirit   +   C - +0 hat {SInv}
rElec    +         Reflect  .   O - scarf {Spirit}
rCorr    .         Harm     .   (no gloves)
MR       .....                  (no boots)
Stlth    ..........             (no amulet)
HPRegen  0.36/turn              G - ring of the Octopus King {MP+9 AC+1 EV+1 Str+1 Int+1 Dex+1}
MPRegen  0.18/turn              p - ring of protection from fire

@: berserking, lethally poisoned (-1 -> -15), exhausted, very quick
A: hooves 2, iridescent scales 1, demonic guardian 1, nightstalker 1
a: Serpent's Lash, Renounce Religion


You were on level 4 of the Lair of Beasts.
You worshipped Wu Jian.
Wu Jian was greatly pleased with you.
You were not hungry.

You visited 3 branches of the dungeon, and saw 15 of its levels.
You also visited: Ice Cave.

You collected 907 gold pieces.

Inventory:

Hand Weapons
 W - a +0 great sword (weapon)
Missiles
 d - 4 throwing nets (quivered)
Armour
 c - a +0 helmet
 C - a +0 hat of see invisible (worn)
 O - a scarf of spirit shield (worn)
 T - the +6 scale mail of Grace (worn) {rElec Int+2}
   (You found it on level 1 of the Lair of Beasts)

   It affects your intelligence (+2).
   It insulates you from electricity.
Jewellery
 g - an uncursed amulet of magic regeneration
 i - a +3 ring of protection {unknown}
 m - an uncursed ring of see invisible
 n - a +2 ring of intelligence {unknown}
 p - a ring of protection from fire (right hand)
 u - a +3 ring of strength {unknown}
 G - a ring of the Octopus King (left hand) {MP+9 AC+1 EV+1 Str+1 Int+1 Dex+1}
   (You found it on level 4 of the Dungeon)

   [ring of magical power]

   It affects your AC (+1).
   It affects your evasion (+1).
   It affects your strength (+1).
   It affects your intelligence (+1).
   It affects your dexterity (+1).
   It affects your magic capacity (+9).
 K - an uncursed ring of ice {unknown}
 S - an uncursed ring of protection from cold {unknown}
 V - an uncursed ring of poison resistance {unknown}
Wands
 j - a wand of random effects (27)
 s - a wand of enslavement (11)
 D - a wand of flame (18)
 E - a wand of acid (4)
 I - a wand of iceblast (7)
Scrolls
 a - a scroll of summoning {unknown}
 e - 11 scrolls of teleportation
 h - 9 scrolls of enchant armour
 l - a scroll of immolation {unknown}
 o - 5 scrolls of enchant weapon
 t - 2 scrolls of fog {unknown}
 x - a scroll of holy word {unknown}
 y - 9 scrolls of amnesia {unknown}
 H - a scroll of random uselessness {unknown}
 J - 3 scrolls of noise {unknown}
 L - 2 scrolls of blinking {unknown}
 M - 3 scrolls of magic mapping {unknown}
 Q - a scroll of identify
 R - 6 scrolls of remove curse
Potions
 b - 2 potions of mutation
 q - 3 potions of flight
 r - a potion of curing
 v - a potion of might
 A - a potion of agility
 F - a potion of magic
 N - a potion of lignification {unknown}
 P - 3 potions of brilliance {unknown}
Books
 B - a book of Clouds

   Spells                             Type                      Level
   a - Poisonous Vapours              Poison/Air                   2
   b - Mephitic Cloud                 Conjuration/Poison/Air       3
   c - Conjure Flame                  Conjuration/Fire             3
   d - Freezing Cloud                 Conjuration/Ice/Air          6
   e - Ring of Flames                 Charms/Fire                  7
Comestibles
 f - 6 bread rations
 k - 3 royal jellies
 w - 6 meat rations


   Skills:
 + Level 11.2 Fighting
 + Level 14.6 Long Blades
 - Level 1.7 Throwing
 + Level 10.7 Armour
 - Level 2.6 Dodging
 - Level 0.3 Evocations


You had 12 spell levels left.
You didn't know any spells.

Dungeon Overview and Level Annotations

Branches:
Dungeon (10/15)            Temple (1/1) D:4            Lair (4/6) D:10
  Snake (0/4) Lair:4          Orc (0/2) D:9
  Swamp: Lair:2-4    Shoals: Lair:2-4

Altars:
Ashenzari
Cheibriados
Dithmenos
Elyvilon
Fedhas
Gozag
Hepliaklqana
Kikubaaqudgha
Makhleb
Nemelex Xobeh
Okawaru
Qazlal
Ru
Sif Muna
Trog
Uskayaw
Vehumet
Wu Jian
Xom
Yredelemnul
Zin
The Shining One

Shops:
D:4 (   D:7 (


Innate Abilities, Weirdness & Mutations

You have hoof-like feet.
You are partially covered in iridescent scales. (AC +2)
A weak demonic guardian rushes to your aid.
You are slightly more attuned to the shadows.


Message History

The black mamba poisons you! The 11-headed hydra barely misses you.
The 11-headed hydra bites you but does no damage. x4
The 11-headed hydra bites you.
* * * LOW HITPOINT WARNING * * *
The 11-headed hydra misses you.
The 11-headed hydra bites you but does no damage.
The 11-headed hydra misses you. The 11-headed hydra barely misses you.
The 11-headed hydra bites you but does no damage.
Your quasit bites the 11-headed hydra.
Your quasit claws the 11-headed hydra. x2
You spin and attack the black mamba.
You closely miss the black mamba. You kick the black mamba.
You kill the black mamba!
The Council accepts your kill.
You spin and attack the 11-headed hydra.
You strike the helpless 11-headed hydra from behind!
You lop one of the 11-headed hydra's heads off!
The ten-headed hydra grows two more!
You slash the 12-headed hydra! You kick the 12-headed hydra!
The 12-headed hydra is almost dead.
You die...

.. .........
................ .....
..........
#...##........
##....#.#....
#..........#
.%........# #......@.##
#......D.# #.....5..#
.........## P.........#
.........##
.........≈##
...≈≈≈≈≈≈.## ##### ## #
..≈≈≈≈≈≈≈..###.#.##.#..


You could see a 12-headed hydra (pinned) and a friendly quasit.

Vanquished Creatures
  Gastronok (Lair:3)
  A frost giant (IceCv)
  2 hydras (Lair:2)
  Harold (Lair:3)
  A two-headed ogre (D:8)
  Pikel (D:6)
  3 black mambas
  A gargoyle (D:10)
  4 spiny frogs
  Joseph (D:7)
  2 rime drakes
  7 komodo dragons
  A troll (D:10)
  11 polar bears (IceCv)
  4 blink frogs
  8 hippogriffs
  10 spriggans (Lair:2)
  A wyvern (D:10)
  30 yaks
  4 hogs (D:8)
  A human (D:8)
  2 basilisks (Lair:2)
  6 water moccasins
  A naga (Lair:4)
  2 hell hounds (D:10)
  6 porcupines
  3 orc warriors
  A sky beast (D:10)
  2 phantoms
  4 centaurs
  A necrophage (D:8)
  4 ogres
  12 wolves
  5 crocodiles
  6 bullfrogs
  A wyvern zombie (D:8)
  A water moccasin zombie (D:6)
  A scorpion (D:5)
  46 killer bees
  6 howler monkeys
  7 wights
  An electric eel (Lair:4)
  5 crimson imps
  A bullfrog zombie (D:5)
  A quasit (D:5)
  5 hounds
  A jelly (D:10)
  A bullfrog skeleton (D:9)
  2 orc priests
  Crazy Yiuf (D:6)
  A gnoll shaman (D:6)
  An iguana (D:4)
  7 orc wizards
  7 worker ants
  A hound zombie (D:7)
  2 hound skeletons
  2 worker ant zombies
  6 gnolls
  7 adders
  3 shadow imps
  3 oozes
  An adder zombie (D:5)
  3 worms (D:2)
  2 dart slugs
  2 leopard geckos
  53 orcs
  6 giant cockroaches
  11 goblins
  8 hobgoblins
  4 jackals
  3 quokkas
  3 ball pythons
  3 bats
  2 frilled lizards (D:2)
  8 kobolds
  7 rats
386 creatures vanquished.

Vanquished Creatures (collateral kills)
  A centaur warrior (D:9)
  A black mamba (Lair:4)
  Maurice (D:9)
  2 hippogriffs
  A yak (Lair:2)
  3 ogres
  A phantom (D:5)
  3 wolves
  A centaur (D:6)
  2 wights (D:7)
  A crimson imp (D:9)
  An orc wizard (D:9)
  A leopard gecko (D:7)
  An orc (D:9)
20 creatures vanquished.

Vanquished Creatures (others)
  A rime drake (IceCv)
  3 polar bears (IceCv)
  3 yaks (IceCv)
  4 wolves (IceCv)
  A killer bee (Lair:3)
  A howler monkey (D:6)
  A hound skeleton (D:6)
  6 bushes (Lair:3)
  8 fungi
  6 plants
34 creatures vanquished.

Grand Total: 440 creatures vanquished

Notes
Turn   | Place    | Note
-------+----------+-------------------------------------------
     0 | D:1      | Cecky the Demonspawn Gladiator began the quest for the Orb.
     0 | D:1      | Reached XP level 1. HP: 16/16 MP: 1/1
   168 | D:1      | Gained mutation: You are partially covered in iridescent scales. (AC +2) [demonic ancestry]
   168 | D:1      | Reached XP level 2. HP: 15/22 MP: 2/2
   341 | D:1      | Reached skill level 3 in Long Blades
   354 | D:1      | Reached skill level 1 in Armour
   494 | D:1      | Reached XP level 3. HP: 26/27 MP: 3/3
  1915 | D:2      | Reached XP level 4. HP: 24/34 MP: 4/4
  2267 | D:3      | Found a white marble altar of Elyvilon.
  2431 | D:3      | Reached skill level 4 in Long Blades
  2797 | D:3      | Found an ancient bone altar of Kikubaaqudgha.
  3612 | D:3      | Found a glowing golden altar of the Shining One.
  3746 | D:4      | Reached XP level 5. HP: 25/39 MP: 5/5
  3899 | D:4      | Found a shattered altar of Ashenzari.
  3946 | D:4      | Noticed a phantom
  4915 | D:4      | Found a staircase to the Ecumenical Temple.
  4942 | D:4      | Found Ymeaman's Antique Weapon Emporium.
  4967 | Temple   | Entered the Ecumenical Temple
  5021 | Temple   | Became a worshipper of the Wu Jian Council
  5040 | D:4      | Found the ring of the Octopus King
  5049 | D:4      | Got a ring of the Octopus King
  5119 | D:4      | Reached skill level 5 in Long Blades
  5119 | D:4      | Gained mutation: You have large cloven feet. [demonic ancestry]
  5119 | D:4      | Reached XP level 6. HP: 41/47 MP: 6/6
  5408 | D:5      | Entered Level 5 of the Dungeon
  5764 | D:5      | Gained mutation: A weak demonic guardian rushes to your aid. [demonic ancestry]
  5764 | D:5      | Reached XP level 7. HP: 44/52 MP: 7/7
  6033 | D:5      | Reached skill level 6 in Long Blades
  6707 | D:6      | Identified a ring of the Octopus King {MP+9 AC+1 EV+1 Str+1 Int+1 Dex+1} (You found it on level 4 of the Dungeon)
  6768 | D:6      | Found a sacrificial altar of Ru.
  7266 | D:6      | Reached skill level 7 in Long Blades
  7266 | D:6      | Reached XP level 8. HP: 52/60 MP: 8/8
  7278 | D:6      | Found a glowing silver altar of Zin.
  7280 | D:6      | Found a shimmering altar of Xom.
  7280 | D:6      | Found an ornate altar of the Wu Jian Council.
  7282 | D:6      | Found a shimmering altar of Xom.
  7282 | D:6      | Found a burning altar of Makhleb.
  7282 | D:6      | Found a radiant altar of Vehumet.
  7369 | D:6      | Noticed Pikel
  7416 | D:6      | Killed Pikel
  7416 | D:6      | Reached * piety under Wu Jian
  7488 | D:6      | Found a runed door.
  7492 | D:6      | Noticed Crazy Yiuf
  7497 | D:6      | Killed Crazy Yiuf
  8018 | D:7      | Noticed a hippogriff
  8178 | D:6      | Reached skill level 8 in Long Blades
  8184 | D:6      | Reached skill level 5 in Armour
  8572 | D:7      | Reached skill level 5 in Fighting
  8612 | D:7      | Gained mutation: You are slightly more attuned to the shadows. [demonic ancestry]
  8612 | D:7      | Reached XP level 9. HP: 32/68 MP: 9/9
  8827 | D:7      | Noticed Joseph
  9220 | D:7      | Killed Joseph
  9535 | D:7      | Found Sapyatt's Weapon Shoppe.
  9566 | D:7      | Reached skill level 9 in Long Blades
  9675 | D:8      | Found a sparkling altar of Nemelex Xobeh.
  9947 | D:8      | Found a stormy altar of Qazlal.
 10080 | D:8      | Reached ** piety under Wu Jian
 10230 | D:8      | Noticed a two-headed ogre
 10240 | D:8      | Killed a two-headed ogre
 10240 | D:8      | Reached skill level 10 in Long Blades
 10730 | D:8      | Reached XP level 10. HP: 64/76 MP: 10/10
 11178 | D:9      | Noticed Maurice
 11474 | D:9      | Noticed a centaur warrior
 11495 | D:9      | Killed a centaur warrior
 11699 | D:9      | Reached *** piety under Wu Jian
 11709 | D:9      | Found a staircase to the Orcish Mines.
 12019 | D:9      | Killed Maurice
 12019 | D:9      | Reached skill level 11 in Long Blades
 12931 | D:10     | Entered Level 10 of the Dungeon
 13015 | D:10     | Found a staircase to the Lair.
 13690 | D:10     | Gained mutation: You have hoof-like feet. [demonic ancestry]
 13690 | D:10     | Reached XP level 11. HP: 63/85 MP: 11/11
 14813 | Lair:1   | Entered Level 1 of the Lair of Beasts
 14849 | Lair:1   | Reached **** piety under Wu Jian
 15890 | Lair:1   | Got a pitted scale mail
 15891 | Lair:1   | Identified the +6 scale mail of Grace {rElec Int+2} (You found it on level 1 of the Lair of Beasts)
 16384 | Lair:2   | Noticed a seven-headed hydra
 16443 | Lair:2   | Reached skill level 12 in Long Blades
 16645 | Lair:2   | Found a frozen archway.
 16654 | IceCv    | Entered an ice cave
 18148 | IceCv    | Noticed a frost giant
 18172 | IceCv    | Reached ***** piety under Wu Jian
 18175 | IceCv    | Killed a frost giant
 18175 | IceCv    | Reached XP level 12. HP: 44/95 MP: 7/12
 19187 | Lair:2   | Reached skill level 13 in Long Blades
 19680 | Lair:2   | Reached skill level 10 in Armour
 19742 | Lair:2   | Reached skill level 10 in Fighting
 19782 | Lair:2   | Noticed a four-headed hydra
 19831 | Lair:2   | Killed a ten-headed hydra
 20068 | Lair:2   | Killed an 11-headed hydra
 21786 | Lair:2   | Reached skill level 14 in Long Blades
 22123 | Lair:3   | Noticed Harold
 22826 | Lair:3   | Reached XP level 13. HP: 99/105 MP: 13/13
 23356 | Lair:3   | You fall through a shaft!
 23436 | Lair:3   | Killed Harold
 23462 | Lair:3   | Noticed Gastronok
 23497 | Lair:3   | Killed Gastronok
 24539 | Lair:4   | Found a staircase to the Snake Pit.
 24576 | Lair:4   | HP: 5/159 [black mamba (8)]
 24576 | Lair:4   | HP: 1/159 [11-headed hydra (4)]
 24577 | Lair:4   | Succumbed to a black mamba's poison

Vault maps used:
D:1:      onia_arrival_pyramid
D:3:      tso_altar, kiku_gazebo_pond_becter, nicolae_overflow_crystal_walls
D:4:      ashenzari_conservatory_becter, minmay_temple_entry_statues_pillars,
          serial_shops, nicolae_shop_behind_doors
D:5:      first_bread, minmay_curled_crystal
D:6:      basic_altar, doesnt_xom_only_xom, uniq_crazy_yiuf_cottage, uniq_pikel
D:7:      serial_shops, shop_statue, uniq_joseph
D:8:      kennysheep_mini_moat, nemelex_xobeh_ov_fountains_minmay,
          grunt_livestock
D:9:      hiddenorc2_lemuel, kennysheep_decorative_pillar, uniq_maurice
D:10:     minmay_lair_entry_lava
Temple:   nicolae_temple_x_marks_the_god
Lair:1:   grunt_megastairs_3
Lair:2:   kb_forest_paths, portal_ice_cave_entry_pillars_1, beast_lair_carwin_11
Lair:3:   wad_woods_minihive, minmay_hedge_maze, serial_bayou_shore_b,
          uniq_gastronok, uniq_harold
Lair:4:   swamp_mist_pool, guppyfry_snake_entry_island, basic_altar
IceCv:    ice_cave_caverns_03

Skill      XL: |  1  2  3  4  5  6  7  8  9 10 11 12 13 |
---------------+----------------------------------------+-----
Long Blades    | 3 4 5 7 8 10 11 12 14 | 14.6
Armour         | 1 2 3 4 5 6 8 9 10 | 10.7
Fighting       | 3 4 5 6 7 9 10 11 | 11.2
Throwing       | |  1.7
Dodging        | |  2.6
Evocations     | |  0.3

Action                   |  1- 3 |  4- 6 |  7- 9 | 10-12 | 13-15 || total
-------------------------+-------+-------+-------+-------+-------++-------
Melee: Long sword        |   135 |   204 |   399 |   794 |       ||  1532
       Kick              |       |    23 |   153 |   427 |    53 ||   656
       Great sword       |       |       |       |   289 |   114 ||   403
       Scimitar          |       |       |       |    32 |       ||    32
Invok: Serpent's Lash    |       |       |       |     4 |     2 ||     6
       Heavenly Storm    |       |       |       |     1 |       ||     1
Evoke: Wand              |       |       |       |       |     4 ||     4
  Use: Scroll            |       |     4 |     5 |     5 |     2 ||    16
       Potion            |       |       |       |     2 |     3 ||     5
 Stab: Sleeping          |     1 |       |       |       |       ||     1
       Distracted        |       |       |     3 |     3 |     1 ||     7
  Eat: Chunk             |     3 |     9 |    10 |    25 |     5 ||    52
       Royal jelly       |       |     1 |     1 |     5 |     1 ||     8
       Fruit             |       |     1 |     5 |       |       ||     6
       Meat ration       |       |       |       |     1 |       ||     1
Armor: Leather armour    |    44 |    16 |       |       |       ||    60
       Scale mail        |       |    71 |    52 |   430 |    68 ||   621
       Chain mail        |       |       |   124 |   172 |       ||   296
       Plate armour      |       |       |       |    67 |       ||    67
Dodge: Dodged            |    84 |   112 |   196 |   659 |    66 ||  1117
       Rpst.: Long sword |    26 |    34 |    51 |    86 |       ||   197
       Great sword       |       |       |       |    81 |    17 ||    98
       Scimitar          |       |       |       |     5 |       ||     5

Table legend:
 A = Spawn XP
 B = Non-spawn XP
 C = Spawn XP percentage of total XP
 D = Spawn monster count
 E = Non-spawn monster count
 F = Spawn count percentage of total count
 G = Total turns spent on level
                    A         B        C        D         E        F      G
               +---------+---------+-------+---------+---------+-------+---------
         Total |       0 |   45036 |   0.0 |       0 |     406 |   0.0 | 24577
               +---------+---------+-------+---------+---------+-------+---------
           D:1 |       0 |      52 |   0.0 |       0 |      25 |   0.0 |  1026
           D:2 |       0 |      46 |   0.0 |       0 |      20 |   0.0 |  1068
           D:3 |       0 |     121 |   0.0 |       0 |      20 |   0.0 |  2257
           D:4 |       0 |     301 |   0.0 |       0 |      13 |   0.0 |   934
           D:5 |       0 |     582 |   0.0 |       0 |      18 |   0.0 |  1283
           D:6 |       0 |    1377 |   0.0 |       0 |      21 |   0.0 |  2202
           D:7 |       0 |    1143 |   0.0 |       0 |      19 |   0.0 |   808
           D:8 |       0 |    3025 |   0.0 |       0 |      31 |   0.0 |  1927
           D:9 |       0 |    2531 |   0.0 |       0 |      55 |   0.0 |  1670
          D:10 |       0 |    3263 |   0.0 |       0 |      23 |   0.0 |  1893
        Lair:1 |       0 |    2590 |   0.0 |       0 |      13 |   0.0 |  1475
        Lair:2 |       0 |   13380 |   0.0 |       0 |      72 |   0.0 |  3817
        Lair:3 |       0 |    7360 |   0.0 |       0 |      39 |   0.0 |  1680
        Lair:4 |       0 |    1465 |   0.0 |       0 |       5 |   0.0 |   285
         IceCv |       0 |    7800 |   0.0 |       0 |      32 |   0.0 |  2129
               +---------+---------+-------+---------+---------+-------+---------
